Map: New Repugnancy LE

Players

Smileblind - Winner!

  • Race: Protoss Protoss
  • League: Silver
  • Spawn Location: 1:00

VOD

Have the link to the VOD?

Description

Time

  • Played on: Feb. 10, 2019, 6:50 a.m.
  • Length: 25:10
Show
View Real Time Build Order
Export as new Build Order

Smileblind Protoss - Winner!

Build Orders:  

Get SALT Encoding   

  12  0:08  Probe (Chrono Boost)  
  13  0:25  Probe (Chrono Boost)  
  13  0:28  Pylon  
  14  0:42  Probe (Chrono Boost)  
  15  0:57  Gateway  
  16  1:10  Probe (Chrono Boost)  
  16  1:18  Assimilator  
  16  1:22  Probe (Chrono Boost)  
  16  1:25  Assimilator  
  17  1:34  Probe (Chrono Boost)  
  18  1:47  Probe (Chrono Boost)  
  18  1:48  Gateway  
  19  2:04  Probe (Chrono Boost)  
  20  2:11  Cybernetics Core  
  21  2:21  Pylon, Probe (Chrono Boost)  
  21  2:23  Zealot  
  23  2:49  Probe (Chrono Boost)  
  24  3:00  Pylon  
  24  3:06  Probe (Chrono Boost)  
  24  3:09  Stalker  
  27  3:24  Sentry  
  29  3:46  Nexus  
  29  3:48  Probe (Chrono Boost)  
  30  4:05  Probe (Chrono Boost)  
  30  4:09  Warp Gate  
  31  4:10  Gateway  
  31  4:21  Stargate  
  31  4:28  Probe (Chrono Boost)  
  32  4:44  Forge  
  32  4:45  Probe (Chrono Boost)  
  34  5:02  Shield Battery, Probe (Chrono Boost)  
  34  5:14  Shield Battery  
  34  5:28  Oracle  
  37  5:50  Photon Cannon  
  37  5:58  Probe x2 (Chrono Boost)  
  39  6:06  Void Ray  
  39  6:09  Assimilator, Probe (Chrono Boost)  
  39  6:15  Assimilator, Probe (Chrono Boost)  
  45  6:26  Robotics Facility  
  42  7:41  Void Ray  
  46  7:58  Probe x2 (Chrono Boost)  
  48  8:10  Stalker x2  
  48  8:15  Probe x2 (Chrono Boost)  
  54  8:29  Twilight Council  
  54  8:44  Pylon  
  54  8:50  Pylon  
  54  8:53  Pylon  
  54  8:59  Observer  
  54  9:02  Probe (Chrono Boost)  
  54  9:05  Probe (Chrono Boost)  
  54  9:09  Void Ray  
  55  9:11  Sentry  
  55  9:14  Zealot x2  
  59  9:22  Probe (Chrono Boost)  
  59  9:29  Immortal  
  64  9:37  Photon Cannon  
  64  9:39  Probe (Chrono Boost)  
  65  9:45  Probe (Chrono Boost)  
  66  9:53  Dark Shrine  
  66  9:54  Protoss Air Weapons Level 1  
  66  9:56  Probe (Chrono Boost)  
  68  10:02  Probe (Chrono Boost)  
  68  10:09  Void Ray  
  72  10:13  Charge, Probe (Chrono Boost)  
  72  10:16  Pylon  
  72  10:19  Pylon, Probe (Chrono Boost)  
  74  10:23  Pylon  
  75  10:30  Probe (Chrono Boost)  
  75  10:41  Nexus  
  75  10:50  Gateway  
  75  10:53  Gateway  
  75  10:54  Protoss Ground Weapons Level 1  
  75  11:01  Warp Prism  
  75  11:09  Void Ray  
  81  11:29  Gateway  
  81  11:34  Photon Cannon  
  83  11:40  Probe x2 (Chrono Boost)  
  83  11:49  Pylon  
  83  11:57  Probe (Chrono Boost)  
  84  12:09  Void Ray  
  88  12:15  Dark Templar  
  88  12:16  Dark Templar  
  88  12:17  Dark Templar  
  94  12:31  Immortal  
  101  12:51  Probe x2 (Chrono Boost)  
  101  12:52  Probe (Chrono Boost)  
  101  12:53  Blink  
  97  13:01  Dark Templar  
  97  13:04  Dark Templar  
  97  13:08  Probe x3 (Chrono Boost)  
  97  13:09  Void Ray  
  108  13:16  Dark Templar x2  
  112  13:22  Archon  
  112  13:25  Probe x2 (Chrono Boost)  
  110  14:13  Dark Templar  
  110  14:14  Dark Templar x2  
  116  14:21  Dark Templar  
  116  14:24  Archon  
  116  14:28  Archon  
  118  14:32  Probe (Chrono Boost)  
  118  14:39  Photon Cannon  
  119  14:40  Photon Cannon  
  119  14:44  Probe (Chrono Boost)  
  119  14:45  Assimilator  
  120  14:52  Assimilator  
  120  14:55  Probe (Chrono Boost)  
  121  15:08  Stargate  
  122  15:10  Probe (Chrono Boost)  
  122  15:12  Fleet Beacon  
  122  15:17  Stalker  
  124  15:27  Probe (Chrono Boost)  
  124  15:29  Pylon  
  125  15:31  Pylon  
  125  15:36  Pylon  
  125  15:41  Protoss Ground Weapons Level 2  
  125  15:46  Pylon  
  125  15:50  Pylon  
  125  15:54  Void Ray  
  125  15:58  Pylon  
  129  16:16  Protoss Air Weapons Level 2  
  129  16:35  Carrier  
  137  16:54  Void Ray  
  137  16:57  Probe (Chrono Boost)  
  148  17:14  Probe (Chrono Boost)  
  150  17:31  Probe (Chrono Boost)  
  150  17:34  Pylon  
  150  17:37  Pylon  
  150  17:40  Zealot x2  
  150  17:41  Zealot x3  
  150  17:42  Zealot  
  150  17:44  Pylon  
  150  17:48  Probe (Chrono Boost)  
  163  17:51  Gateway  
  163  17:53  Gateway  
  163  17:59  Gateway  
  163  18:05  Probe (Chrono Boost), Carrier  
  163  18:09  Carrier  
  164  18:10  Sentry x2  
  164  18:11  Sentry x3  
  164  18:14  Zealot  
  176  18:27  Gateway  
  176  18:30  Gateway  
  188  19:03  Observer  
  189  19:10  Unknown  
  189  19:11  Zealot x2  
  189  19:12  Zealot x2  
  197  19:39  Carrier  
  197  19:41  Pylon  
  197  19:42  Pylon  
  197  19:45  Pylon  
  197  19:48  Pylon  
  197  20:02  Dark Templar  
  197  20:03  Dark Templar  
  197  20:05  Dark Templar  
  193  20:32  Dark Templar  
  193  20:33  Dark Templar x2  
  199  20:45  Protoss Air Weapons Level 3  
  199  20:51  Protoss Ground Weapons Level 3  
  175  22:50  Zealot x3  
  175  22:51  Zealot x2  
  175  22:52  Zealot x2  
  175  22:53  Zealot x2  
  193  23:19  Dark Templar  
  195  23:20  Dark Templar x2  
  191  24:36  Zealot x4  
Tags
 
Add a new tag
Caveats
  • Supply blocks, unpowered buildings, or Contaminate may cause inaccurate times.
  • Supply counts are checked every 10 seconds.